 Dungeon Crawl Stone Soup version 0.31.0-11-ge490571c62 (webtiles) character file.

Game seed: 306440291866838330

62 qw the Shooter (level 3, -3/18 HPs)
             Began as a Spriggan Hunter on Feb 4, 2024.
             Slain by a gnoll
             ... wielding a +0 halberd
              (14 damage)
             ... on level 2 of the Dungeon.
             The game lasted 00:00:06 (982 turns).

qw the Shooter (Spriggan Hunter)                     Turns: 982, Time: 00:00:06

Health: -3/18      AC:  2    Str:  7    XL:     3   Next: 85%
Magic:  4/4        EV: 19    Int: 10    God:
Gold:   70         SH:  5    Dex: 20    Spells: 2/2 levels left

rFire   . . .        a - +0 shortbow
rCold   . . .        (shield currently unavailable)
rNeg    . . .        c - +0 robe
rPois   .            (helmet restricted)
rElec   .            (no cloak)
rCorr   .            (gloves unavailable)
SInv    +            (boots unavailable)
Will    .....        d - amulet of reflection
Stlth   ++           (no ring)
HPRegen 0.23/turn    (no ring)
MPRegen 0.09/turn

%: reflection
@: very quick
A: very small, no large weapons, unfitting armour, see invisible, speed 3
a: no special abilities


You were on level 2 of the Dungeon.
You visited 1 branch of the dungeon, and saw 2 of its levels.

You collected 70 gold pieces.


Innate Abilities, Weirdness & Mutations

You are very small and have problems with some larger weapons.
You are too small for most types of armour.
You have supernaturally acute eyesight. (SInv)
You cover ground extremely quickly. (Speed+++)


   Skills:
 - Level 1.5 Fighting
 - Level 5.0 Ranged Weapons
 + Level 4.0 Dodging
 - Level 1.5 Stealth


You had 2 spell levels left.
You didn't know any spells.
Your spell library was empty.

Inventory:

Hand Weapons
 a - a +0 shortbow (weapon)
Armour
 c - a +0 robe (worn)
Jewellery
 d - an amulet of reflection (around neck)
 l - an amulet of guardian spirit
Scrolls
 b - a scroll of identify {unknown}
 n - a scroll of teleportation {unknown}
Potions
 e - a potion of curing {unknown}
 f - a potion of magic {unknown}
 g - a potion of heal wounds
 h - a potion of haste {unknown}
 i - a potion of degeneration {unknown}
 j - a potion of mutation {unknown}
 k - a potion of attraction {unknown}
 m - 2 potions of lignification {unknown}

Dungeon Overview and Level Annotations

Branches:
Dungeon (2/15)

Altars:


Message History

You kill the goblin!
Robin closely misses you.
You shoot an arrow. The arrow closely misses Robin.
Robin barely misses you.
You shoot an arrow. The arrow hits Robin!
Robin is almost dead.
Robin laughs in a distinctly smug fashion.
Robin misses you.
You shoot an arrow. The arrow hits Robin.
Robin is almost dead.
Robin barely misses you.
You shoot an arrow. The arrow hits Robin.
You kill Robin!
Your Ranged Weapons skill increases to level 5!
You start resting.
HP restored.
You now have 70 gold pieces (gained 8).
Things that are here:
a +0 club; a +0 club
n - a scroll labelled ZOLLIUL GYLUV A gnoll comes into view.
It is wielding a +0 spear.
You shoot an arrow.
The arrow hits the gnoll but does no damage.
The gnoll shouts!
You hear a shout!
A gnoll comes into view. It is wielding a +0 halberd.
You shoot an arrow. The arrow closely misses the gnoll.
You hear a shout!
The gnoll barely misses you.
You shoot an arrow.
The arrow hits the gnoll but does no damage.
A gnoll comes into view. It is wielding a +0 whip of flaming.
The gnoll hits you from afar with a +0 spear.
Enter note:
Enter note: You shoot an arrow.
The arrow barely misses the gnoll.
The gnoll hits you from afar with a +0 spear.
The gnoll hits you from afar with a +0 halberd!
Ouch! That really hurt!
You die...

####### ##..))..
####.).####
#.)..#....#
##.##...##.#
#..........######
##.###..###...>.......
#.gg.@.......##.######
#..g.........##.######
#....##.#######.......
####. #.# #.###### #.
#.# #.# ## .. .# #.#
#. #. .# #.# #. #. ..#
#. ### ##.


You could see 3 gnolls.

Vanquished Creatures
  Robin (D:2)
  4 bats (D:1)
  3 endoplasms
  3 giant cockroaches
  10 goblins
  4 hobgoblins (D:1)
  3 jackals (D:1)
  7 kobolds
  A quokka (D:1)
  3 ball pythons
  3 frilled lizards
  A rat (D:1)
43 creatures vanquished.

Notes
Turn   | Place    | Note
-------+----------+-------------------------------------------
     0 | D:1      | qw the Spriggan Hunter began the quest for the Orb.
     0 | D:1      | Reached XP level 1. HP: 10/10 MP: 2/2
     0 | D:1      | 0 ||| qw: Version: 0.3-a-160-g6735b56
     0 | D:1      | 0 ||| qw: Game counter: 5468
     0 | D:1      | 0 ||| qw: Melee chars always use a shield: true
     0 | D:1      | 0 ||| qw: God list: Okawaru
     0 | D:1      | 0 ||| qw: Allow faded altars: false
     0 | D:1      | 0 ||| qw: Do Orc after clearing Dungeon:15 true
     0 | D:1      | 0 ||| qw: Do second Lair branch before Depths: true
     0 | D:1      | 0 ||| qw: Lair rune preference: random
     0 | D:1      | 0 ||| qw: Goals: Normal
     0 | D:1      | 0 ||| PLANNING D:1-11
    27 | D:1      | Reached skill level 3 in Dodging
    88 | D:1      | Found a faded altar of an unknown god.
   105 | D:1      | Reached XP level 2. HP: 14/14 MP: 3/3
   382 | D:1      | Reached XP level 3. HP: 18/18 MP: 4/4
   554 | D:1      | 554 ||| UPGRADING to amulet of reflection.
   559 | D:1      | 559 ||| READING scroll labelled ISTESI QORASA.
   660 | D:1      | 660 ||| READING scroll labelled RERGHU SAZYL.
   661 | D:1      | 661 ||| DRINKING 2 cyan potions.
   662 | D:1      | 662 ||| DROPPING scroll of butterflies.
   942 | D:2      | Noticed Robin
   956 | D:2      | Killed Robin
   957 | D:2      | Reached skill level 5 in Ranged Weapons
   982 | D:2      | Slain by a gnoll

Levels and vault maps discovered:
D:1:      shiori_shiawase, layout_loops_cross, ebering_ecumenical_altar_webs
D:2:      layout_loops_ring, minivault_26, uniq_robin

Skill      XL: |  1  2  3 |
---------------+----------+-----
Dodging        | 3 4 |  4.0
Ranged Weapons | 5 |  5.0
Fighting       | |  1.5
Stealth        | |  1.5

Action                     || total
---------------------------++-------
   Fire: Shortbow          ||    90
    Use: Scroll            ||     2
         Potion            ||     1
 Armour: Robe              ||    12
  Dodge: Dodged            ||    36
  Block: Other             ||     2

Table legend:
 A = Non-vault XP
 B = Vault XP
 C = Vault XP percentage of total XP
 D = Non-vault monster count
 E = Vault monster count
 F = Vault count percentage of total count
                 A         B        C        D         E       F
            +---------+---------+-------+---------+---------+-------
      Total |      61 |      28 |  31.5 |      36 |       7 |  16.3
            +---------+---------+-------+---------+---------+-------
        D:1 |      48 |       0 |   0.0 |      27 |       0 |   0.0
        D:2 |      13 |      28 |  68.3 |       9 |       7 |  43.8
            +---------+---------+-------+---------+---------+-------
